 Dungeon Crawl Stone Soup version 0.26-a0-466-g989023bd0d (webtiles) character file.

Game seed: 4510969453409043134

523 pk666 the Magician (level 7, 0/36 HPs)
             Began as a Deep Elf Hedge Wizard on Aug 8, 2020.
             Slain by a phantom (8 damage)
             ... on level 4 of the Dungeon.
             The game lasted 00:16:40 (6118 turns).

pk666 the Magician (Deep Elf Hedge Wizard)          Turns: 6118, Time: 00:16:42

Health: 0/36       AC:  3    Str:  7    XL:     7   Next: 2%
Magic:  13/19      EV: 13    Int: 21    God:
Gold:   272        SH:  0    Dex: 14    Spells: 10/19 levels left

rFire    . . .     SeeInvis +   a - +0 dagger
rCold    . . .     Faith    .   (no shield)
rNeg     . . .     Spirit   .   b - +0 robe
rPois    .         Reflect  .   c - +0 hat
rElec    .         Harm     .   (no cloak)
rCorr    .                      (no gloves)
MR       .....                  (no boots)
Stlth    ++........             (no amulet)
HPRegen  0.12/turn              k - ring of flight
MPRegen  0.16/turn              l - ring of see invisible

@: no status effects
A: antennae 1, shaggy fur 1
a: Evoke Flight


You were on level 4 of the Dungeon.
You visited 2 branches of the dungeon, and saw 6 of its levels.
You also visited: Sewer.

You collected 272 gold pieces.

Inventory:

Hand Weapons
 a - a +0 dagger (weapon)
Armour
 b - a +0 robe (worn)
 c - a +0 hat (worn)
Jewellery
 k - a ring of flight (left hand)
 l - a ring of see invisible (right hand)
 v - an uncursed ring of protection from fire {unknown}
Wands
 e - a wand of digging (3)
 s - a wand of random effects (21)
 t - a wand of paralysis (5)
Scrolls
 d - a scroll of blinking {unknown}
 f - 6 scrolls of teleportation {unknown}
 g - a scroll of immolation {unknown}
 h - a scroll of noise {unknown}
 m - 5 scrolls of identify {unknown}
 o - 2 scrolls of magic mapping {unknown}
 p - 2 scrolls of remove curse {unknown}
 q - a scroll of enchant weapon {unknown}
 u - a scroll of amnesia {unknown}
 x - a scroll of fog {unknown}
 y - 2 scrolls of random uselessness {unknown}
Potions
 i - a potion of stabbing
 j - a potion of mutation
 n - a potion of invisibility {unknown}
 w - a potion of might
 z - a potion of lignification {unknown}


   Skills:
 - Level 2.4 Dodging
 - Level 2.4 Stealth
 + Level 6.8 Spellcasting
 + Level 4.3 Conjurations
   Level 1.1 Summonings
 - Level 2.0 Translocations
 + Level 3.3 Fire Magic
 - Level 2.0 Air Magic
 - Level 2.0 Poison Magic


You had 10 spell levels left.
You knew the following spells:

 Your Spells              Type           Power        Failure   Level
a - Magic Dart            Conj           ####         1%          1
b - Blink                 Tloc           N/A          6%          2
c - Conjure Flame         Conj/Fire      ###.....     5%          3
d - Mephitic Cloud        Conj/Pois/Air  ###.....     9%          3

Your spell library contained the following spells:

 Spells                   Type           Power        Failure   Level
 Call Imp                 Summ           ##......     9%          2
 Slow                     Hex            #.......     14%         2


Dungeon Overview and Level Annotations

Branches:
Dungeon (5/15)             Temple (1/1) D:4           Sewer (visited)

Altars:
Ashenzari
Cheibriados
Dithmenos
Elyvilon
Fedhas
Gozag
Hepliaklqana
Kikubaaqudgha
Makhleb
Qazlal
Sif Muna
Trog
Uskayaw
Wu Jian
Xom
Yredelemnul
Zin
The Shining One

Annotations:
D:2 Terence
D:5 Purgy


Innate Abilities, Weirdness & Mutations

You have a pair of small antennae on your head.
You are covered in fur. (AC +1)


Message History

The phantom is heavily damaged.
The phantom barely misses you.
Casting: Magic Dart (safe; 1% risk of failure)
Confirm with . or Enter, or press ? or * to list all spells.
Aiming: Magic Dart (safe; 1% risk of failure)
Press: ? - help, Shift-Dir - straight line, f/p - phantom
Aim: a phantom (heavily damaged)
The magic dart hits the phantom.
The phantom is heavily damaged.
The phantom hits you!
* * * LOW HITPOINT WARNING * * *
Casting: Magic Dart (safe; 1% risk of failure)
Confirm with . or Enter, or press ? or * to list all spells.
Aiming: Magic Dart (safe; 1% risk of failure)
Press: ? - help, Shift-Dir - straight line, f/p - phantom
Aim: a phantom (heavily damaged)
The magic dart hits the phantom but does no damage.
The phantom is heavily damaged.
The phantom hits you!
You die...

....#...#.....#.........#.....#..
....#...#.....#.........#.....#..
.[.##.###.....#.####.####.....#'#
...##.#.....###'####.#......###..
......#.....#........#......#....
....).'>....#........#......#....
......#.....#......>.#......'....
......#.....#........#......#....
..รท...#.....'..W@....#......#....
#######.....##########......#####
####### ########


You could see a phantom.

Vanquished Creatures
  An ogre (D:4)
  A howler monkey (D:4)
  3 hounds (D:4)
  Ijyb (D:3)
  2 worker ants
  A killer bee zombie (D:3)
  A hound skeleton (D:4)
  4 gnolls
  6 adders
  5 oozes
  2 worms (D:2)
  A dart slug (D:1)
  2 leopard geckos
  7 orcs
  5 bats
  8 giant cockroaches
  4 hobgoblins
  2 quokkas
  3 ball pythons
  5 frilled lizards
  9 goblins
  9 kobolds
  7 rats
89 creatures vanquished.

Notes
Turn   | Place    | Note
-------+----------+-------------------------------------------
     0 | D:1      | pk666 the Deep Elf Hedge Wizard began the quest for the
                  | Orb.
     0 | D:1      | Reached XP level 1. HP: 10/10 MP: 7/7
   378 | D:1      | Reached XP level 2. HP: 15/15 MP: 6/9
   975 | D:1      | Reached skill level 5 in Spellcasting
  1157 | D:2      | Reached XP level 3. HP: 19/19 MP: 6/11
  1161 | D:2      | Learned a level 2 spell: Blink
  1165 | D:2      | Learned a level 3 spell: Conjure Flame
  1169 | D:2      | Learned a level 3 spell: Mephitic Cloud
  1960 | D:2      | Reached skill level 1 in Poison Magic
  2130 | D:2      | Found a shimmering altar of Xom.
  2188 | D:2      | Noticed Terence
  2211 | D:2      | Reached XP level 4. HP: 24/24 MP: 9/13
  2456 | D:3      | Reached skill level 1 in Fire Magic
  2808 | D:3      | Reached skill level 1 in Air Magic
  2945 | D:3      | Gained mutation: You have a pair of small antennae on your
                  | head. [potion of mutation]
  2945 | D:3      | Gained mutation: You are covered in fur. (AC +1) [potion of
                  | mutation]
  2945 | D:3      | Gained mutation: You tend to lose your temper in combat.
                  | [potion of mutation]
  2945 | D:3      | Lost mutation: You tend to lose your temper in combat.
                  | [potion of mutation]
  2956 | D:3      | Reached XP level 5. HP: 14/28 MP: 1/15
  3293 | D:3      | Noticed Ijyb
  3314 | D:3      | Killed Ijyb
  3632 | D:4      | Noticed an ogre
  3872 | D:4      | Reached skill level 6 in Spellcasting
  4031 | D:4      | Killed an ogre
  4031 | D:4      | Reached XP level 6. HP: 32/32 MP: 5/17
  4711 | D:4      | Found a staircase to the Ecumenical Temple.
  4718 | Temple   | Entered the Ecumenical Temple
  5081 | D:5      | Entered Level 5 of the Dungeon
  5553 | D:5      | Found a glowing drain.
  5584 | Sewer    | Entered a sewer
  5783 | Sewer    | Reached XP level 7. HP: 36/36 MP: 15/19
  5895 | Sewer    | Noticed Purgy
  6118 | D:4      | Slain by a phantom

Illustrated notes

Levels and vault maps discovered:
D:1:      saegor_arrival_simple_c, layout_loops_corners, minmay_statues_item
D:2:      layout_rooms, serial_bayou, serial_bayou_pond_e, serial_bayou_lake_a,
          serial_bayou_pond_a, serial_bayou_lagoon_b, serial_bayou_shore_a,
          xom_teletrap_fun, uniq_terence
D:3:      layout_loops_cross, uniq_ijyb
D:4:      layout_gridville, minmay_temple_entry_drinking_statues
D:5:      layout_rooms, vehumet_statue, gup_sewer_entry_pipe
Temple:   dpeg_five_rooms_temple

Skill      XL: |  1  2  3  4  5  6 |
---------------+-------------------+-----
Conjurations   | 2 3 4 |  4.3
Spellcasting   | 5 6 |  6.8
Poison Magic   | 1 2 |  2.0
Fire Magic     | 1 2 3 |  3.3
Air Magic      | 1 2 |  2.0
Translocations | 2 |  2.0
Dodging        | |  2.4
Stealth        | |  2.4
Summonings     | |  1.1

Action                   |  1- 3 |  4- 6 |  7- 9 || total
-------------------------+-------+-------+-------++-------
Melee: Dagger            |       |     4 |     7 ||    11
 Cast: Magic Dart        |   108 |   165 |    25 ||   298
       Blink             |       |     4 |     7 ||    11
       Conjure Flame     |       |     6 |     2 ||     8
       Mephitic Cloud    |       |     8 |     2 ||    10
  Use: Potion            |       |     7 |     2 ||     9
Armor: Robe              |     5 |     4 |    17 ||    26
Dodge: Dodged            |    11 |    38 |    28 ||    77

Table legend: (Time is in decaauts)
 A = Elapsed time spent in this place.
 B = Non-inter-level travel time spent in this place.
 C = Inter-level travel time spent in this place.
 D = Time resting spent in this place.
 E = Time spent auto-exploring this place.
 F = Levels seen in this place.
 G = Mean time per level.
                   A        B        C        D        E       F      G
               +--------+--------+--------+--------+--------+-----+--------+
         Total |   6142 |   5670 |    472 |   2208 |   2519 |   7 |  877.4 |
       Dungeon |   5549 |   5125 |    424 |   2030 |   2228 |   5 | 1109.8 |
        Temple |    238 |    190 |     48 |      0 |    189 |   1 |  238.0 |
         Sewer |    354 |    354 |      0 |    178 |    102 |   1 |  354.0 |
               +--------+--------+--------+--------+--------+-----+--------+

Top non-repeatable levels by time:
     D:4: 1590 daAuts
     D:3: 1467 daAuts
     D:1: 1197 daAuts
     D:2: 1095 daAuts
   Sewer: 354 daAuts
  Temple: 238 daAuts
     D:5: 198 daAuts
